Map: Eternal Empire LE

Players

Pinky

  • Race: Terran Terran
  • League: Master
  • Spawn Location: 7:00

BewwyCwuncH - Winner!

  • Race: Terran Terran
  • League: Grandmaster
  • Spawn Location: 1:00

VOD

Have the link to the VOD?

Description

Time

  • Played on: Jan. 30, 2020, 12:12 a.m.
  • Length: 23:55
Show
View Real Time Build Order
Export as new Build Order

Pinky Terran 

Build Orders:  

Get SALT Encoding   

  12  0:01  SCV  
  13  0:13  SCV  
  14  0:18  Supply Depot  
  14  0:25  SCV  
  15  0:40  SCV  
  15  0:42  Barracks  
  16  0:52  SCV  
  17  1:05  SCV  
  18  1:15  Command Center  
  18  1:23  SCV  
  19  1:29  Marine  
  20  1:35  Orbital Command  
  20  1:45  Refinery  
  20  1:49  Bunker  
  20  1:50  Marine  
  21  2:03  Supply Depot  
  21  2:07  SCV  
  21  2:08  Marine  
  22  2:14  Refinery  
  23  2:26  Marine  
  23  2:29  Orbital Command  
  24  2:33  SCV  
  25  2:48  SCV, Factory  
  26  2:55  SCV  
  26  2:56  Barracks Tech Lab  
  27  3:00  SCV  
  28  3:11  Refinery  
  28  3:12  Refinery  
  28  3:30  SCV  
  29  3:39  SCV  
  29  3:41  Starport  
  30  3:42  SCV  
  30  3:43  Cyclone  
  34  3:49  Starport  
  34  3:51  SCV  
  34  3:52  Barracks Tech Lab  
  34  3:54  SCV  
  36  3:56  Supply Depot  
  36  4:00  Supply Depot  
  36  4:03  SCV  
  36  4:07  SCV  
  36  4:08  Engineering Bay  
  38  4:15  SCV  
  39  4:19  SCV  
  40  4:27  Starport Tech Lab  
  40  4:28  SCV  
  41  4:31  SCV  
  41  4:32  Fusion Core  
  42  4:40  SCV, Raven  
  42  4:43  SCV  
  46  4:46  Siege Tank  
  46  4:51  Supply Depot  
  46  4:52  SCV  
  50  4:55  SCV  
  51  5:04  SCV, Viking  
  49  5:08  SCV  
  43  5:16  SCV  
  39  5:26  SCV  
  39  5:28  SCV  
  39  5:38  SCV  
  39  5:40  SCV  
  41  5:50  SCV  
  41  5:52  Battlecruiser, SCV  
  49  6:02  SCV  
  50  6:04  SCV  
  50  6:10  Battlecruiser  
  57  6:14  SCV  
  57  6:16  SCV  
  59  6:27  SCV  
  59  6:29  SCV  
  61  6:35  Command Center  
  61  6:39  SCV  
  62  6:41  SCV  
  62  6:43  Siege Tank  
  66  6:49  Supply Depot  
  66  6:51  SCV  
  67  6:55  SCV  
  64  7:03  SCV  
  65  7:15  Siege Tank  
  65  7:18  SCV  
  65  7:25  SCV  
  58  7:30  SCV  
  65  7:37  Battlecruiser x2, SCV  
  65  7:42  SCV  
  73  7:49  SCV  
  74  7:54  SCV  
  75  8:02  SCV, Orbital Command  
  75  8:03  Bunker  
  76  8:06  SCV  
  76  8:07  Factory x2  
  76  8:11  Siege Tank  
  80  8:14  SCV  
  80  8:18  SCV  
  82  8:26  SCV  
  83  8:30  SCV, Supply Depot  
  84  8:36  SCV  
  84  8:38  SCV  
  84  8:40  Supply Depot  
  86  8:42  Supply Depot  
  86  8:43  SCV, Factory  
  86  8:48  SCV  
  88  8:50  SCV  
  88  8:55  SCV  
  90  9:06  SCV  
  90  9:07  SCV x2  
  93  9:12  Factory Reactor  
  93  9:19  SCV x2  
  93  9:20  SCV  
  96  9:24  Siege Tank  
  96  9:26  Starport Reactor  
  96  9:27  Orbital Command, Factory Tech Lab  
  96  9:28  Factory Reactor  
  96  9:29  Infernal Pre-Igniter  
  96  9:31  SCV  
  101  9:32  SCV  
  101  9:43  Starport Reactor, Refinery  
  101  9:47  Factory x2  
  101  9:48  Siege Tank  
  101  9:49  Hellion x2  
  108  9:57  Refinery, Siege Tank  
  111  10:01  SCV x3  
  114  10:11  Hellion  
  116  10:31  Missile Turret  
  116  10:33  Missile Turret  
  116  10:36  Missile Turret  
  116  10:39  Missile Turret  
  116  10:41  Factory Tech Lab x2  
  116  10:45  Armory x2  
  116  10:48  Supply Depot  
  116  10:50  Supply Depot  
  116  10:51  Viking x3, Hellion x4, Siege Tank  
  133  11:00  Sensor Tower  
  133  11:08  Sensor Tower  
  133  11:09  Hellion, Siege Tank x2  
  141  11:11  Viking  
  141  11:12  Hellion, Siege Tank  
  141  11:16  Command Center  
  148  11:29  Supply Depot  
  148  11:34  Terran Vehicle Weapons Level 1, Terran Vehicle And Ship Armor Level 1  
  148  11:35  Smart Servos  
  148  11:51  Viking, Siege Tank x2  
  156  12:02  Hellion  
  156  12:03  Viking  
  156  12:04  Hellion  
  156  12:06  Hellion  
  156  12:08  Hellion  
  156  12:10  Hellion  
  156  12:15  Viking  
  156  12:17  Viking  
  156  12:21  Viking  
  154  12:23  Hellion  
  154  12:28  Hellion, Thor x2  
  170  12:35  Hellion  
  172  12:41  Siege Tank  
  172  12:42  Hellion  
  171  12:46  Thor  
  171  12:55  Hellion x2  
  171  12:56  Supply Depot  
  171  12:57  Supply Depot x2  
  169  12:59  Supply Depot  
  169  13:14  Thor  
  169  13:19  Supply Depot  
  175  13:23  Engineering Bay  
  171  13:41  Thor x2  
  183  13:52  Terran Vehicle Weapons Level 2  
  181  14:00  Viking x2  
  185  14:16  Siege Tank  
  168  14:27  Thor x2  
  174  14:32  Hellion  
  174  14:33  Hellion  
  178  14:46  Planetary Fortress  
  178  14:50  Thor  
  184  15:16  Siege Tank x2  
  190  15:25  Viking x4  
  194  15:48  Siege Tank  
  178  16:07  Thor x2  
  178  16:10  Siege Tank  
  126  16:20  Siege Tank  
  126  16:22  Hellion x2  
  127  16:42  Siege Tank  
  130  16:50  Hellion x2, Thor, Siege Tank  
  143  16:57  Orbital Command  
  143  17:07  Siege Tank  
  146  17:15  Siege Tank  
  149  17:21  Terran Vehicle And Ship Armor Level 2  
  149  17:33  Siege Tank  
  149  17:34  Hellion x2  
  156  17:44  SCV  
  152  17:48  Refinery  
  150  17:51  Refinery, Sensor Tower  
  150  17:53  Hellion x2  
  150  17:54  Hellion x2  
  150  17:56  SCV  
  159  18:08  SCV  
  160  18:19  SCV x3  
  163  18:20  SCV, Command Center  
  163  18:23  Thor  
  170  18:31  SCV  
  170  18:32  SCV, Hellion x3, Siege Tank  
  170  18:33  Hellion  
  181  18:55  Thor  
  181  19:02  Missile Turret  
  187  19:04  Missile Turret  
  187  19:08  Missile Turret x2  
  187  19:10  Missile Turret  
  139  19:27  Hellion, Siege Tank  
  130  19:35  Siege Tank  
  130  19:36  Hellion x2  
  127  19:49  Siege Tank  
  127  19:50  Hellion  
  132  19:57  Orbital Command, Siege Tank  
  133  20:06  Siege Tank  
  134  20:14  SCV x2  
  134  20:16  Siege Tank  
  139  20:22  Siege Tank  
  129  20:51  Thor x2  
  126  21:00  Hellion x3, Siege Tank  
  123  21:15  Thor  
  123  21:23  SCV x4  
  124  21:31  Hellion x2  
  124  21:32  Hellion  
  130  21:35  SCV  
  125  21:45  Thor  
  87  22:01  Thor  
  93  22:16  Engineering Bay  
  93  22:19  Thor  
  87  22:35  Thor  
  84  23:00  Hellion, Siege Tank x2  
  62  23:20  Siege Tank  
Show
View Real Time Build Order
Export as new Build Order

BewwyCwuncH Terran - Winner!

Build Orders:  

Get SALT Encoding   

  12  0:01  SCV  
  13  0:13  SCV  
  14  0:23  Supply Depot  
  14  0:25  SCV  
  15  0:34  Refinery  
  15  0:44  SCV  
  15  0:49  Barracks  
  16  0:57  SCV  
  16  1:02  Refinery  
  17  1:09  SCV  
  18  1:22  SCV  
  19  1:39  Reaper, Orbital Command  
  20  1:41  Factory  
  20  1:52  Supply Depot  
  20  2:08  SCV  
  20  2:11  Reaper  
  22  2:21  SCV  
  23  2:28  Hellion  
  25  2:34  SCV  
  25  2:35  Command Center  
  26  2:43  Barracks Reactor  
  26  2:48  SCV  
  26  2:49  Factory Tech Lab  
  26  2:50  Starport  
  27  3:00  SCV  
  28  3:08  Cyclone  
  31  3:14  SCV  
  31  3:27  SCV  
  31  3:44  Supply Depot, Refinery  
  31  3:46  SCV, Medivac, Marine x2  
  36  3:50  Orbital Command  
  36  3:55  Supply Depot  
  36  3:58  SCV  
  37  4:04  Marine x2, Factory Tech Lab  
  39  4:10  SCV  
  39  4:13  Engineering Bay  
  40  4:22  Raven, Marine x2  
  40  4:23  SCV, Cyclone  
  48  4:25  SCV  
  49  4:35  SCV  
  50  4:38  Supply Depot  
  50  4:39  Marine x2  
  50  4:40  SCV  
  53  4:47  SCV  
  53  4:52  SCV  
  55  4:55  Siege Tank  
  55  4:56  Supply Depot  
  55  4:57  Marine x2  
  59  5:24  Marine x2  
  62  5:29  Raven  
  62  5:30  SCV x2  
  62  5:35  Command Center  
  58  5:42  SCV x2, Marine x2  
  61  5:45  Cyclone  
  62  5:50  Refinery  
  62  5:54  SCV x2  
  62  5:55  Supply Depot  
  62  5:56  Supply Depot  
  64  6:01  Barracks x2  
  64  6:06  SCV x2  
  66  6:17  Supply Depot  
  66  6:18  SCV x2  
  66  6:21  Viking x2, Stimpack  
  72  6:26  Siege Tank  
  72  6:30  SCV  
  72  6:32  SCV  
  77  6:34  Marine  
  77  6:38  Missile Turret  
  77  6:39  Missile Turret  
  78  6:43  SCV  
  79  6:50  Viking  
  79  6:51  Viking  
  79  6:53  Orbital Command  
  83  6:54  SCV  
  82  7:06  Siege Tank  
  82  7:07  Marine  
  85  7:22  SCV  
  85  7:23  Viking  
  85  7:24  Viking, SCV  
  85  7:26  SCV  
  82  7:33  Barracks Reactor x2  
  82  7:34  Marine  
  83  7:39  SCV  
  83  7:41  SCV  
  83  7:42  SCV  
  84  7:45  Engineering Bay  
  84  7:55  Orbital Command  
  84  7:58  Viking x2  
  84  7:59  SCV, Siege Tank  
  84  8:02  SCV  
  91  8:10  Barracks x2  
  91  8:12  SCV  
  92  8:15  SCV  
  92  8:18  Terran Infantry Weapons Level 1  
  92  8:19  Terran Infantry Armor Level 1  
  93  8:23  Marine  
  93  8:24  SCV, Marine x2  
  97  8:29  SCV, Missile Turret  
  97  8:30  SCV  
  99  8:36  SCV  
  99  8:37  Marine  
  99  8:38  Marine  
  102  8:41  SCV, Marine  
  102  8:42  SCV  
  102  8:43  Supply Depot  
  105  8:53  Viking x2  
  93  9:03  Siege Tank  
  93  9:04  Marine x2  
  93  9:05  Barracks Reactor x2  
  93  9:08  Marine x3  
  93  9:09  SCV x2  
  99  9:13  Combat Shield  
  99  9:17  SCV  
  99  9:21  SCV x2  
  99  9:22  Marine x2  
  99  9:23  Viking x2  
  108  9:28  Armory  
  108  9:32  SCV  
  108  9:33  SCV  
  108  9:34  Starport  
  110  9:39  Command Center  
  110  9:40  Siege Tank  
  110  9:42  Marine x2  
  110  9:43  Marine x4  
  110  9:44  Marine x2  
  121  9:50  Supply Depot  
  121  9:53  Viking x2, Supply Depot  
  121  9:54  Supply Depot  
  125  10:04  Sensor Tower  
  125  10:05  Refinery, Sensor Tower  
  125  10:07  Refinery  
  125  10:12  SCV, Marine x4, Siege Tank  
  133  10:15  Starport Reactor, Marine x2, Terran Infantry Weapons Level 2  
  133  10:17  SCV  
  130  10:26  SCV  
  130  10:27  Medivac  
  128  10:32  SCV  
  128  10:35  Viking  
  131  10:43  Supply Depot, Marine x7, Factory  
  131  10:44  Marine x2  
  131  10:45  Supply Depot  
  131  10:47  Supply Depot  
  131  10:48  Supply Depot  
  140  10:52  Supply Depot, Terran Infantry Armor Level 2  
  140  10:57  Viking  
  140  11:00  Marine  
  140  11:02  Medivac  
  145  11:10  Command Center  
  145  11:17  Marine x2, Siege Tank  
  145  11:18  Marine x4  
  154  11:19  Marine  
  155  11:27  Missile Turret  
  155  11:29  SCV, Missile Turret  
  155  11:32  Viking  
  158  11:34  SCV x2  
  158  11:36  Terran Ship Weapons Level 1  
  160  11:42  SCV  
  160  11:44  Planetary Fortress  
  160  11:46  SCV x2  
  163  11:48  Unknown  
  163  11:51  Siege Tank  
  163  11:52  Marine x2  
  157  12:03  Viking x3  
  157  12:05  SCV  
  157  12:06  SCV  
  155  12:08  SCV  
  146  12:23  Viking  
  146  12:26  Marine  
  146  12:27  Marine  
  141  12:33  Viking x3  
  134  12:51  Orbital Command  
  130  12:52  SCV x2  
  130  12:53  Factory Tech Lab, Liberator  
  130  12:57  Missile Turret  
  133  12:59  SCV x2  
  133  13:03  Viking, Fusion Core, Liberator  
  133  13:04  SCV x2  
  142  13:11  Siege Tank  
  142  13:12  SCV x2  
  147  13:13  Terran Infantry Weapons Level 3  
  147  13:20  SCV  
  147  13:24  Barracks Tech Lab  
  147  13:25  Barracks Tech Lab  
  148  13:30  Marauder, Marine x4  
  148  13:33  SCV  
  152  13:36  Smart Servos  
  152  13:37  SCV  
  152  13:39  SCV x2  
  152  13:40  SCV  
  156  13:45  SCV  
  157  13:49  SCV  
  157  13:51  SCV x2  
  157  13:53  SCV  
  157  13:54  Command Center, Siege Tank  
  163  13:56  Siege Tank  
  163  13:59  Marauder  
  163  14:00  Marauder x2, Marine  
  173  14:15  Advanced Ballistics  
  155  14:27  Siege Tank  
  155  14:28  Siege Tank  
  155  14:30  Liberator x2  
  155  14:31  Liberator x2  
  153  14:32  Marauder  
  153  14:33  Marauder  
  153  14:35  Marauder, Marine x2  
  153  14:37  SCV  
  153  14:38  SCV  
  165  14:39  SCV  
  165  14:44  Marine  
  165  14:45  Marine  
  168  14:54  Marauder x2  
  168  14:55  Marine x2  
  168  14:57  Marauder  
  176  15:01  Siege Tank  
  176  15:02  Marine, Siege Tank  
  176  15:03  SCV, Marine  
  176  15:06  Orbital Command  
  185  15:14  Liberator x2  
  185  15:15  Marauder  
  185  15:19  Terran Ship Weapons Level 2  
  193  15:23  Terran Infantry Armor Level 3  
  192  15:42  Marine  
  192  15:43  Marauder  
  192  15:48  Marauder x2, Marine x2  
  169  16:10  Marauder x2  
  135  16:18  Marine x4  
  127  16:19  Marauder  
  127  16:20  SCV x2  
  127  16:24  Orbital Command  
  131  16:29  Command Center  
  131  16:30  Marine  
  131  16:31  Marauder  
  134  16:35  Barracks  
  134  16:36  Marine x2  
  134  16:37  Starport, Barracks  
  134  16:38  Barracks  
  136  16:40  Marine  
  136  16:41  Marauder, Marine  
  140  16:48  Medivac x3  
  140  16:49  Marauder  
  140  16:52  Marauder  
  140  16:54  Marine x2  
  150  16:55  Unknown  
  150  16:56  Refinery  
  150  16:57  Marine  
  150  16:59  Marine  
  150  17:00  SCV  
  150  17:01  SCV x2  
  157  17:02  Marauder  
  157  17:06  SCV  
  157  17:07  SCV  
  161  17:10  Marauder  
  161  17:11  Marine  
  161  17:14  Marauder, Refinery  
  166  17:16  Marine x2  
  166  17:17  Marine  
  166  17:20  Liberator  
  166  17:21  Liberator x2  
  178  17:23  Marauder  
  178  17:29  Armory  
  180  17:32  Marauder  
  180  17:34  SCV x2  
  176  17:44  Barracks Tech Lab x2  
  176  17:45  Concussive Shells  
  176  17:46  SCV  
  176  17:48  Command Center  
  176  17:50  Siege Tank  
  180  17:51  Siege Tank  
  180  17:52  Marauder x2, Marine  
  180  17:53  Marauder  
  190  17:58  Liberator  
  190  17:59  Liberator  
  190  18:01  Liberator  
  199  18:10  SCV  
  200  18:23  Terran Ship Weapons Level 3, Terran Vehicle And Ship Armor Level 1  
  146  19:26  Marauder x5, Marine x6  
  146  19:27  Medivac x3  
  157  19:36  Missile Turret  
  157  19:41  Medivac x2  
  157  19:43  Marine x2  
  162  19:47  Marauder x2  
  162  19:52  Marauder, Marine  
  155  19:53  Marine x2  
  155  19:54  Marauder, Marine  
  160  20:03  Marine x2  
  160  20:04  Marauder  
  152  20:08  Marauder  
  152  20:09  Marauder, Marine  
  152  20:11  Marine x3, Liberator x3  
  152  20:12  Liberator  
  152  20:13  Marauder  
  174  20:15  Marauder  
  174  20:21  Marine x2  
  176  20:22  Planetary Fortress  
  176  20:25  Marauder  
  176  20:27  Missile Turret x2  
  180  20:30  Marauder x2  
  180  20:33  Command Center  
  180  20:34  Marine  
  180  20:35  Marauder, Marine  
  188  20:36  Marauder  
  189  20:46  Marauder  
  152  20:50  Orbital Command  
  152  20:53  Marine  
  152  20:54  Marauder, Marine  
  152  20:55  Marauder  
  152  20:56  Marauder, Marine x4  
  148  20:58  Marauder, Siege Tank x2  
  151  21:07  Marine  
  150  21:11  Marine  
  150  21:12  Marine  
  150  21:13  Marine  
  150  21:14  Marine  
  150  21:15  Marauder  
  150  21:16  Orbital Command, Marauder  
  158  21:19  Marine  
  158  21:20  Marauder, Liberator  
  158  21:22  Marauder, Marine  
  169  21:25  Marauder  
  169  21:29  Marine  
  169  21:30  Marine  
  169  21:31  Marine x2  
  169  21:32  Liberator x3  
  182  21:34  Refinery  
  182  21:35  Refinery  
  182  21:36  Marauder  
  182  21:37  Marine x2, Siege Tank x2  
  192  21:40  Marine  
  192  21:41  Marauder  
  192  21:44  Marauder  
  192  21:47  Marauder, Marine  
  179  21:48  Marine  
  179  21:49  Marine x2  
  151  21:55  Marauder, Marine  
  151  21:57  Marine  
  151  22:00  Marine  
  138  22:03  Marauder  
  138  22:06  Command Center  
  138  22:07  Marauder, Marine x4  
  148  22:08  Marauder  
  148  22:09  Siege Tank x2  
  154  22:21  Marauder, Marine  
  157  22:24  Marauder, Marine x2  
  157  22:25  Marine  
  162  22:35  Liberator x3  
  161  22:40  Orbital Command  
  161  22:57  Marauder, Marine  
  145  23:13  SCV x2  
  145  23:14  SCV x2  
  145  23:15  Command Center  
  147  23:27  Marauder  
  147  23:30  Marauder, Marine x4  
  147  23:31  Marauder  
  154  23:34  SCV x4  
  154  23:35  Refinery  
  154  23:40  Command Center  
Tags
 
Add a new tag
Caveats
  • Supply blocks, unpowered buildings, or Contaminate may cause inaccurate times.
  • Supply counts are checked every 10 seconds.